cohdb
Replays
Latest Replays
All Replays
Popular Replays
Top Player Replays
Match Explorer
How It Works
Community
CoH3 Stats
Reddit
Sign in to upload your games and track your stats! →
Sign in with Steam
Match 45964601
Unlisted
Match 45964601
Overview
Messages
Build Orders
End
Construct Section Command Post
Selects Air and Sea Battlegroup
Infantry Section
Infantry Section
ML 3-inch Mortar Team
Construct Platoon Command Post
6-pounder Anti-tank Gun Team
Selects Commando Section Paradrop
Humber Armored Car
Commando Section Paradrop
Infantry Training
6-pounder Anti-tank Gun Team
Selects Supply Surplus
6-pounder Anti-tank Gun Team
Selects Commando Support Section Paradrop
Selects Incendiary Bombing Run
Incendiary Bombing Run
Selects UNKNOWN (223837)
Kampfstärke
Darkness
Redwarx
Qhunter
VIOLATION
Dirkradix
0
0
Comments
sign in to comment!
No comments posted yet!